 Dungeon Crawl Stone Soup version 0.19-a0-1097-g38e3b35 (webtiles) character file.

45 Leszczynek the Cudgeler (level 3, -6/35 HPs)
             Began as an Ogre Earth Elementalist on Aug 8, 2016.
             Mangled by FrancescoMac's ghost (8 damage)
             ... on level 3 of the Dungeon.
             The game lasted 00:05:15 (676 turns).

Leszczynek the Cudgeler (Ogre Earth Elementalist)    Turns: 676, Time: 00:05:16

Health: -6/35      AC:  5    Str: 14    XL:     3   Next: 64%
Magic:  3/6        EV: 10    Int: 14    God:
Gold:   51         SH:  0    Dex: 10    Spells: 2 memorised, 3 levels left

rFire  . . .     SeeInvis .     a - +0 mace
rCold  . . .     Gourm    .     c - +1 robe
rNeg   . . .     Faith    .     (no shield)
rPois  .         Spirit   .     (helmet restricted)
rElec  .         Dismiss  .     h - +0 cloak
rCorr  .         Reflect  .     (gloves unavailable)
SustAt .         Harm     .     (boots unavailable)
MR     .....     Rnd*Tele +     (no amulet)
Stlth  +.........               (no ring)
                                l - ring of teleportation (curse)

@:
A: unfitting armour, tough skin 1
a: no special abilities


You were on level 3 of the Dungeon.
You were not hungry.

You visited 1 branch of the dungeon, and saw 3 of its levels.

You collected 51 gold pieces.

Inventory:

Hand Weapons
 a - a +0 mace (weapon)
Missiles
 b - 62 stones (quivered)
Armour
 c - a +1 robe (worn)
 h - a +0 cloak (worn)
Jewellery
 l - a cursed ring of teleportation (left hand)
Scrolls
 j - a scroll of fear
Potions
 g - a potion of haste
Comestibles
 d - 2 bread rations
 k - 2 fruits
 m - a meat ration
 n - a chunk of flesh


   Skills:
 - Level 2.1 Fighting
 * Level 3.4 Maces & Flails
 - Level 1.7 Dodging
 - Level 1.5 Stealth
 - Level 2.4 Spellcasting
 - Level 0.6 Transmutations
 - Level 2.1 Earth Magic


You had 3 spell levels left.
You knew the following spells:

 Your Spells              Type           Power        Failure   Level  Hunger
a - Sandblast             Erth           #.....       12%         1    #......
b - Passwall              Tmut/Erth      #.........   21%         2    ###....


Dungeon Overview and Level Annotations

Branches:
Dungeon (3/15)

Altars:

Annotations:
D:3 FrancescoMac's ghost, weakling MiGl


Innate Abilities, Weirdness & Mutations

You are too large for most types of armour.
You have tough skin. (AC +1)


Message History

You are too injured to fight recklessly!
Unknown command.
You are too injured to fight recklessly!
You closely miss FrancescoMac's ghost.
FrancescoMac's ghost is lightly damaged.
FrancescoMac's ghost hits you.
* * * LOW HITPOINT WARNING * * *
You hit FrancescoMac's ghost but do no damage.
FrancescoMac's ghost is lightly damaged.
FrancescoMac's ghost closely misses you.
You hit FrancescoMac's ghost.
FrancescoMac's ghost is moderately damaged.
FrancescoMac's ghost hits you.
* * * LOW HITPOINT WARNING * * *
Unknown command.
Okay, then.
You barely miss FrancescoMac's ghost.
FrancescoMac's ghost is moderately damaged.
FrancescoMac's ghost hits you!
You die...

## #. ### .# #@#
##.##
#W####...##.#
#o..........#
.......####...####
##...... ....#
####..# ##..# #...
..# #... ... ####
##.#


You could see FrancescoMac's ghost and an orc.

Vanquished Creatures
  An adder (D:3)
  A giant gecko (D:1)
  3 orcs (D:3)
  3 bats
  2 giant cockroaches
  5 hobgoblins
  3 jackals (D:3)
  3 kobolds
  A quokka (D:2)
  2 giant newts (D:2)
  2 goblins
  3 rats
29 creatures vanquished.

Notes
Turn   | Place    | Note
-------+----------+-------------------------------------------
     0 | D:1      | Leszczynek the Ogre Earth Elementalist began the quest for the Orb.
     0 | D:1      | Reached XP level 1. HP: 16/16 MP: 3/3
    11 | D:1      | Reached skill level 1 in Fighting
   164 | D:1      | Reached skill level 2 in Fighting
   164 | D:1      | Reached XP level 2. HP: 28/28 MP: 0/5
   203 | D:1      | Learned a level 2 spell: Passwall
   254 | D:2      | Reached skill level 1 in Maces & Flails
   420 | D:2      | Reached skill level 2 in Maces & Flails
   580 | D:3      | Reached XP level 3. HP: 33/35 MP: 4/6
   635 | D:3      | Reached skill level 3 in Maces & Flails
   661 | D:3      | Noticed FrancescoMac's ghost (weakling MiGl)
   663 | D:3      | it acts every 100 turns
   663 | D:3      | 10/10
   663 | D:3      | now if i wanted it to act for whatever reason...
   670 | D:3      | how do you die with a minotaur?
   675 | D:3      | HP: 2/35 [FrancescoMac's ghost (2)]
   676 | D:3      | Mangled by FrancescoMac's ghost

Vault maps used:
D:1:      dpeg_arrival_boxorama
D:2:      lemuel_crystal_altar, supply_closet_lemuel, kennysheep_generic_room_2
D:3:      led_sif_book, lemuel_round_altar, gammafunk_temple_overflow_wave,
          uniq_terence

Skill      XL: |  1  2  3 |
---------------+----------+-----
Fighting       | 2 |  2.1
Maces & Flails | 2 3 |  3.4
Dodging        | |  1.7
Stealth        | |  1.5
Spellcasting   | |  2.4
Transmutations | |  0.6
Earth Magic    | |  2.1

Action                   || total
-------------------------++-------
Melee: Dagger            ||    31
       Mace              ||    26
 Cast: Sandblast         ||    36
  Use: Scroll            ||     6
Armor: Robe              ||    30
Dodge: Dodged            ||    53
